AoeStats
← JonAbrucci

Black Forest

508480899Analyzed
3v3 RM · 8d ago on Sep 22, 2026· 98m 4s· 6 players
Game mode
Random Map
Map size
Normal (6 player)
Population
200
Speed
Normal
Resources
Standard
Victory
Conquest
Starting age
Dark Age
Ending age
Imperial Age
RankedLock teamsTeams togetherTeam positionsShared explorationLock speedFull tech treeHidden civsTurbo modeCheats
Victory
Defeat
🇸🇪 Huns · Sweden
751
+15
🇪🇸 Hindustanis · Spain
729
+16
🇩🇪 Japanese · Germany
702
+17
🇸🇪 Spanish · Sweden
832
-20
🇳🇴 Celts · Norway
708
-15
🇸🇪 Varangians · Sweden
655
-13
matthiaskaeck
0:41 Loom
14:12 Feudal Age
15:32 Wheelbarrow
14:41 Horse Collar
14:50 Double-Bit Axe
21:39 Castle Age
22:42 Heavy Plow
22:56 Bow Saw
22:46 Stone Mining
22:47 Gold Mining
23:15 Hand Cart
25:09 Caravan
28:56 Town Watch
29:57 Gold Shaft Mining
30:42 Fortified Wall
33:14 Ballistics
35:48 Imperial Age
36:50 Kataparuto
36:50 Conscription
37:33 Chemistry
36:14 Treadmill Crane
36:29 Murder Holes
36:45 Masonry
36:51 Forging
38:19 Two-Man Saw
40:11 Thumb Ring
39:27 Crossbowman
40:46 Iron Casting
40:12 Scale Mail Armor
40:17 Scale Barding Armor
40:12 Padded Archer Armor
40:03 Fletching
40:31 Arbalester
40:33 Pikeman
41:14 Squires
40:59 Arson
41:00 Gambesons
41:11 Halberdier
41:34 Elite Samurai
46:11 Blast Furnace
45:26 Chain Mail Armor
45:08 Bodkin Arrow
49:25 Plate Mail Armor
48:55 Bracer
49:10 Leather Archer Armor
49:16 Chain Barding Armor
53:04 Guard Tower
53:46 Ring Archer Armor
55:31 Elite Skirmisher
60:55 Onager
79:29 Two-Man Saw
78:34 Town Patrol
78:44 Siege Engineers
79:15 Keep
78:25 Arrowslits
79:01 Shipwright
78:52 Clinker Construction
78:52 Careening
85:58 Hoardings
Tommy K
0:45 Loom
14:37 Feudal Age
16:12 Wheelbarrow
15:27 Double-Bit Axe
17:47 Horse Collar
22:56 Stone Mining
22:59 Gold Mining
26:39 Castle Age
25:57 Bloodlines
26:01 Forging
25:57 Scale Barding Armor
27:38 Hand Cart
27:26 Heavy Plow
27:56 Bow Saw
37:11 Imperial Age
35:42 Chain Barding Armor
36:03 Iron Casting
36:21 Fervor
37:49 Gold Shaft Mining
37:44 Ballistics
38:30 Elite Tarkan
39:38 Conscription
39:36 Husbandry
40:43 Chemistry
41:37 Blast Furnace
42:39 Plate Barding Armor
41:56 Fletching
43:23 Masonry
48:42 Capped Ram
50:43 Caravan
51:06 Siege Ram
53:04 Elite Skirmisher
53:49 Thumb Ring
54:07 Padded Archer Armor
55:10 Two-Man Saw
57:02 Pikeman
58:11 Leather Archer Armor
57:52 Bodkin Arrow
60:27 Bracer
60:31 Squires
59:52 Halberdier
60:22 Arson
60:41 Scale Mail Armor
63:48 Chain Mail Armor
69:25 Murder Holes
JonAbrucci
5:12 Loom
11:09 Feudal Age
12:19 Double-Bit Axe
13:43 Horse Collar
19:54 Castle Age
19:07 Forging
18:47 Fletching
18:59 Scale Mail Armor
18:59 Padded Archer Armor
26:56 Wheelbarrow
26:32 Town Watch
29:07 Gold Mining
29:20 Stone Mining
30:39 Gold Shaft Mining
30:48 Squires
30:08 Pikeman
30:13 Crossbowman
30:17 Elite Skirmisher
33:00 Ballistics
32:51 Fortified Wall
32:36 Murder Holes
32:52 Masonry
33:04 Leather Archer Armor
33:50 Stone Shaft Mining
33:26 Caravan
35:10 Hand Cart
34:55 Town Patrol
35:49 Thumb Ring
35:33 Arson
38:32 Imperial Age
36:25 Grand Trunk Road
37:50 Iron Casting
37:31 Chain Mail Armor
37:22 Scale Barding Armor
37:49 Heavy Plow
38:08 Bow Saw
39:34 Shatagni
40:17 Hoardings
39:04 Elite Ghulam
40:06 Conscription
42:44 Chemistry
41:29 Siege Elephant
41:31 Onager
43:24 Husbandry
43:34 Bloodlines
42:45 Light Cavalry
43:44 Redemption
44:07 Illumination
45:45 Two-Man Saw
52:27 Bodkin Arrow
53:02 Ring Archer Armor
52:53 Chain Barding Armor
53:35 Blast Furnace
52:02 Heavy Camel Rider
52:03 Hussar
53:42 Imperial Camel Rider
54:58 Coinage
56:54 Plate Barding Armor
56:20 Bracer
59:38 Crossbowman
Yung Torsten
12:24 Feudal Age
12:59 Double-Bit Axe
15:07 Wheelbarrow
21:42 Castle Age
22:05 Gold Mining
22:05 Stone Mining
22:36 Bow Saw
23:26 Horse Collar
28:06 Hand Cart
28:44 Stone Shaft Mining
30:26 Heavy Plow
35:22 Imperial Age
35:14 Squires
35:00 Arson
35:02 Gambesons
35:21 Scale Mail Armor
35:32 Forging
35:33 Scale Barding Armor
35:29 Padded Archer Armor
35:42 Caravan
37:37 Loom
39:15 Elite Varangian Guard
42:59 Two-Man Saw
42:42 Heavy Scorpion
45:21 Chain Mail Armor
45:41 Iron Casting
46:18 Fortified Wall
46:30 Ballistics
47:11 Chemistry
49:18 Crop Rotation
52:07 Guard Tower
52:11 Heated Shot
52:04 Treadmill Crane
52:36 Masonry
52:24 Murder Holes
64:46 Elite Jarl
64:51 Vendel Legacy
64:54 Gothikon
70:56 Architecture
Keni♿
10:27 Loom
13:21 Feudal Age
14:00 Double-Bit Axe
14:29 Horse Collar
14:49 Gold Mining
16:12 Stone Mining
21:56 Wheelbarrow
24:19 Castle Age
24:08 Scale Barding Armor
25:23 Heavy Plow
25:35 Bow Saw
26:33 Stone Shaft Mining
29:29 Chain Barding Armor
29:13 Caravan
35:38 Imperial Age
34:21 Wheelbarrow
37:53 Chemistry
37:28 Conscription
36:45 Elite Conquistador
38:34 Bloodlines
38:31 Husbandry
45:22 Hand Cart
65:34 Cavalier
66:35 Paladin
67:51 Forging
68:17 Plate Barding Armor
68:50 Scale Mail Armor
69:27 Iron Casting
84:01 Light Cavalry
85:57 Hussar
89:39 Blast Furnace
Tompalol
1:58 Loom
13:52 Feudal Age
16:14 Horse Collar
16:21 Double-Bit Axe
20:27 Castle Age
21:11 Heavy Plow
22:39 Crossbowman
23:10 Fletching
24:33 Gold Mining
27:51 Bodkin Arrow
27:54 Stronghold
29:11 Wheelbarrow
30:18 Elite Skirmisher
30:56 Pikeman
31:30 Gambesons
35:19 Imperial Age
34:18 Padded Archer Armor
35:39 Leather Archer Armor
35:35 Stone Mining
36:46 Conscription
37:45 Chemistry
38:32 Ring Archer Armor
38:32 Heavy Mounted Crossbowman
40:15 Forging
40:13 Scale Barding Armor
41:37 Ballistics
41:56 Masonry
42:58 Iron Casting
42:43 Chain Barding Armor
42:28 Scale Mail Armor
43:34 Halberdier
46:00 Blast Furnace
47:49 Hand Cart
48:22 Chain Mail Armor
47:55 Arrowslits
48:34 Town Watch
52:58 Plate Mail Armor
53:13 Furor Celtica
54:50 Arson
56:09 Caravan
60:54 Gold Shaft Mining
61:59 Onager
64:27 Elite Woad Raider
65:09 Light Cavalry
67:59 Hussar
69:46 Husbandry
71:02 Fortified Wall
72:00 Siege Onager
Connection lost

Rejoining the realm…

Still unreachable

The connection could not be restored.

Session expired

The server has moved on; the page needs a fresh start.